 Dungeon Crawl Stone Soup version 0.30.0 (webtiles) character file.

Game seed: 225170832397545631

53 freelancePsychic the Magician (level 4, -4/32 HPs)
             Began as a Djinni Conjurer on May 5, 2023.
             Was a Follower of Elyvilon.
             Slain by an orc
             ... wielding a +0 flail
              (8 damage)
             ... on level 2 of the Dungeon.
             The game lasted 00:03:14 (1029 turns).

freelancePsychic the Magician (Djinni Conjurer)     Turns: 1029, Time: 00:03:15

Health: -4/32      AC:  4    Str:  3 (4)  XL:     4   Next: 11%
Gold:   60         EV: 12    Int: 18 (21) God:    Elyvilon [*.....] SH:  0 Dex: 11 (12)

rFire   + + .        (no weapon)
rCold   x . .        (no shield)
rNeg    . . .        a - +0 robe
rPois   ∞            l - +2 hat
rElec   .            (no cloak)
rCorr   .            (no gloves)
SInv    .            (boots unavailable)
Will    .....        (no amulet)
Stlth   ++           (no ring)
HPRegen 0.25/turn    (no ring)
MPRegen 0.00/turn

%: infuse magic (-5 HP)
@: brilliant, attractive, flying, very slightly contaminated, hasted, very quick
A: sickness immunity, fire resistance 2, cold vulnerability 1, float, innate
caster, HP casting, extra vitality 1, weak 1
a: Renounce Religion, Purification


You were on level 2 of the Dungeon.
You worshipped Elyvilon.
Elyvilon was aware of your devotion.
You visited 1 branch of the dungeon, and saw 2 of its levels.

You collected 60 gold pieces.

Inventory:

Armour
 a - a +0 robe (worn)
 h - a +0 kite shield
 l - a +2 hat (worn)
Scrolls
 b - a scroll of amnesia {unknown}
 d - a scroll of poison {unknown}
 f - a scroll of blinking {unknown}
 i - a scroll of summoning {unknown}
 k - a scroll of immolation {unknown}
 m - a scroll of enchant weapon {unknown}
 n - a scroll of torment {unknown}
Potions
 c - a potion of haste {@q3}
 g - a potion of mutation


   Skills:
 + Level 1.3 Fighting
 - Level 2.1 Dodging
 + Level 2.2 Stealth
 * Level 3.8 Spellcasting


You knew the following spells:

 Your Spells              Type           Power      Damage    Failure   Level
a - Foxfire               Conj/Fire      100%       2x1d9     3%          1
b - Searing Ray           Conj           50%        2d6       4%          2
c - Dazzling Flash        Conj/Hex       50%        N/A       10%         3
d - Fulminant Prism       Conj/Hex       12%        3d8       30%         4
e - Iskenderun's Mystic   Conj/Tloc      25%        2d7       30%         4
f - Magic Dart            Conj           100%       1d8       3%          1
Your spell library was empty.

Dungeon Overview and Level Annotations

Branches:
Dungeon (2/15)

Altars:
Elyvilon


Innate Abilities, Weirdness & Mutations

You are immune to sickness and miasma.
You are immune to poison.
Your flesh is very heat resistant. (rF++)
You are vulnerable to cold. (rC-)
You float through the air rather than walking.
You learn spells naturally, not from books.
Your magical power is your life essence.
You have superior vitality. (+4 MHP)
You are weak. (Str -2)


Message History

The orc is almost dead.
The orc is knocked back by the mystic blast.
It was a potion of haste.
You feel yourself speed up.
The orc priest casts a cantrip, but nothing happens.
It was a potion of mutation.
You feel extremely strange.
You feel weaker. The orc hits you with a +0 flail!
* * * LOW HITPOINT WARNING * * *
Okay, then.
It was a potion of brilliance.
You feel clever all of a sudden.
The orc priest calls down the wrath of Beogh upon you.
Beogh smites you! Elyvilon protects you from harm!
Casting: Iskenderun's Mystic Blast (extremely dangerous; 26% risk of failure)
Confirm with . or Enter, or press ? or * to list all spells.
Aiming: Searing Ray (safe; 3% risk of failure)
Press: ? - help, Shift-Dir - straight line, f/p - orc priest
Aim: an orc priest, wielding a +0 club and wearing a +0 scale mail (heavily wounded, 82% to hit)
You feel a surge of power!
The searing ray hits the orc.
You kill the orc!
The searing ray hits the orc priest but does no damage.
The orc priest is heavily wounded. (Press . to maintain the ray.)
* * * LOW HITPOINT WARNING * * *
You cannot move.
Unknown command.
It was a potion of attraction.
You feel attractive to monsters.
The orc priest calls upon Beogh to heal the orc.
The orc's wounds heal themselves!
The orc closely misses you. The orc priest is attracted toward you.
It was a potion of degeneration.
There was something very wrong with that liquid.
You feel weakened.
You feel dopey.
You feel clumsy.
You are no longer locked in place.
The orc priest misses you. The orc hits you with a +0 dagger.
* * * LOW HITPOINT WARNING * * *
The orc hits you with a +0 flail!
You die...

#...... #.#
#..#.#######. #.~...~
#.# #.........##.
#.......#.#
#.......#.##. #......
#.####..#.##.#.##. .....
#.#....##.##.#....
~...~.#.#.##.##.##.#####
.....§#.#.##....##.#
......oo..########.#
......o@.## #.#
########## #.#


You could see an orc priest and 2 orcs.

Vanquished Creatures
  An adder (D:2)
  2 orcs (D:2)
  3 ball pythons
  6 bats
  3 endoplasms (D:1)
  4 giant cockroaches (D:1)
  2 hobgoblins (D:1)
  4 jackals (D:1)
  3 kobolds
  2 quokkas
  3 frilled lizards
  3 goblins
36 creatures vanquished.

Vanquished Creatures (others)
  32 foxfires
32 creatures vanquished.

Grand Total: 68 creatures vanquished

Notes
Turn   | Place    | Note
-------+----------+-------------------------------------------
     0 | D:1      | freelancePsychic the Djinni Conjurer began the quest for
                  | the Orb.
     0 | D:1      | freelancePsychic set off with the following spells
                  | memorised: Magic Dart, Searing Ray, Dazzling Flash,
                  | Fulminant Prism, Iskenderun's Mystic Blast.
     0 | D:1      | Reached XP level 1. HP: 15/15 MP: 0/0
   156 | D:1      | Reached XP level 2. HP: 22/22 MP: 0/0
   370 | D:1      | Reached XP level 3. HP: 24/26 MP: 0/0
   370 | D:1      | Learned a level 1 spell: Foxfire
   373 | D:1      | Reached skill level 1 in Fighting
   721 | D:2      | Found a faded altar of an unknown god.
   733 | D:2      | Prayed at the altar of an unknown god.
   733 | D:2      | Became a worshipper of Elyvilon the Healer
   733 | D:2      | Reached * piety under Elyvilon
   875 | D:2      | Reached XP level 4. HP: 30/32 MP: 0/0
  1025 | D:2      | Gained mutation: You are weak. (Str -2) [potion of
                  | mutation]
  1026 | D:2      | Elyvilon protects you from harm!
  1029 | D:2      | Slain by an orc

Illustrated notes

Levels and vault maps discovered:
D:1:      matt_arrival_los_fun, layout_rooms, minmay_3d_cube
D:2:      cheibrodos_pilgrimage, layout_basic, basic_altar,
          hellmonk_ecumenical_altar_pennies_from_heaven

Skill      XL: |  1  2  3 |
---------------+----------+-----
Stealth        | 2 |  2.2
Fighting       | 1 |  1.3
Dodging        | |  2.1
Spellcasting   | |  3.8

Action                     |  1- 3 |  4- 6 || total
---------------------------+-------+-------++-------
  Melee: Unarmed           |     1 |       ||     1
   Cast: Magic Dart        |    15 |       ||    15
         Searing Ray       |    18 |     3 ||    21
         Foxfire           |    16 |     1 ||    17
         Iskenderun's Myst |       |     1 ||     1
    Use: Potion            |       |     5 ||     5
 Armour: Robe              |     1 |     2 ||     3
  Dodge: Dodged            |     5 |     3 ||     8
